 Dungeon Crawl Stone Soup version 0.31.0-9-g3a7656b989 (webtiles) character file.

Game seed: 5185349495343136449

439 qw the Skirmisher (level 6, -1/35 HPs)
             Began as a Deep Elf Hunter on Feb 2, 2024.
             Slain by an orc priest
             ... wielding a +0 trident
              (4 damage)
             ... on level 4 of the Dungeon.
             The game lasted 00:00:13 (3083 turns).

qw the Skirmisher (Deep Elf Hunter)                 Turns: 3083, Time: 00:00:13

Health: -1/35      AC: 12    Str: 10    XL:     6   Next: 70%
Magic:  8/8        EV: 11    Int: 14    God:
Gold:   204        SH:  0    Dex: 18    Spells: 5/5 levels left

rFire   . . .        a - +1 shortbow
rCold   . . .        (shield currently unavailable)
rNeg    . . .        m - +1 ring mail
rPois   .            j - +1 helmet
rElec   .            (no cloak)
rCorr   .            l - +2 pair of gloves
SInv    .            e - +0 pair of boots
Will    .....        (no amulet)
Stlth   +            (no ring)
HPRegen 0.25/turn    (no ring)
MPRegen 0.11/turn

%: no passive effects
@: about to teleport
A: no striking features
a: no special abilities


You were on level 4 of the Dungeon.
You visited 1 branch of the dungeon, and saw 4 of its levels.

You collected 204 gold pieces.


   Skills:
 - Level 2.0 Fighting
 - Level 10.0 Ranged Weapons
 - Level 1.2 Armour
 + Level 2.8 Dodging
 - Level 1.2 Stealth


You had 5 spell levels left.
You didn't know any spells.
Your spell library was empty.

Inventory:

Hand Weapons
 a - a +1 shortbow (weapon)
Armour
 e - a +0 pair of boots (worn)
 j - a +1 helmet (worn)
 l - a +2 pair of gloves (worn)
 m - a +1 ring mail (worn)
Scrolls
 b - a scroll of identify
 d - 2 scrolls of teleportation
Potions
 f - 2 potions of curing

Dungeon Overview and Level Annotations

Branches:
Dungeon (4/15)
 Temple: D:4-7

Altars:
Yredelemnul


Message History

The orc priest is almost dead.
The orc wizard gestures at you while chanting.
The magic dart hits you.
The orc priest hits you but does no damage.
You shoot an arrow. The arrow hits the orc wizard!
The orc wizard is heavily wounded.
The orc wizard casts a spell at you. The puff of flame misses you.
The orc priest casts a cantrip, but nothing happens.
You shoot an arrow. The arrow barely misses the orc wizard.
The arrow barely misses the orc priest.
The orc hits you but does no damage.
The orc wizard points at you and mumbles some strange words.
You resist with some effort.
The orc priest hits you from afar with a +0 trident.
You shoot an arrow.
The arrow closely misses the orc wizard.
The arrow hits the orc priest but does no damage.
The orc priest is almost dead.
The orc hits you but does no damage.
The orc priest looks encouraged for a moment.
You shoot an arrow. The arrow hits the orc wizard.
The orc wizard is almost dead.
The orc hits you but does no damage.
The orc wizard gestures at you while chanting.
You resist with some effort. The orc priest barely misses you.
You shoot an arrow. The arrow hits the orc wizard.
You kill the orc wizard!
The orc misses you.
The orc priest mumbles some strange prayers to Beogh against you.
Beogh smites you!
3082 ||| READING 3 scrolls of teleportation.
As you read the scroll of teleportation, it crumbles to dust.
You feel strangely unstable. The orc barely misses you.
The orc priest barely misses you.
You shoot an arrow. The arrow hits the orc.
The orc is almost dead.
The orc barely misses you.
The orc priest hits you from afar with a +0 trident.
You die...

. ##. ... ###.# #.#
.#.# #.# #
......#.#.###.###$#
..............)o..#
..............@.o.#
.>..###.###)###.)...
#...#...#.#)# ...
#.#.###.#.#.###... .
#...........%......
#..................
#.#.###.###.###....
#.....#.# #... ...
###.###.#.#.### ..


You could see an orc priest and an orc.

Vanquished Creatures
  A scorpion (D:4)
  Jessica (D:2)
  Terence (D:3)
  An iguana (D:4)
  Natasha (twice) (D:2)
  An orc wizard (D:4)
  A hound zombie (D:3)
  Robin (D:3)
  3 gnolls (D:3)
  7 adders
  An adder zombie (D:3)
  A ribbon worm (D:2)
  2 dart slugs (D:1)
  2 orcs (D:4)
  8 endoplasms
  6 giant cockroaches
  12 hobgoblins
  2 jackals (D:3)
  2 quokkas
  5 ball pythons
  A ball python zombie (D:3)
  4 bats
  5 frilled lizards (D:1)
  22 goblins
  8 kobolds
  A quokka zombie (D:3)
  6 rats
107 creatures vanquished.

Notes
Turn   | Place    | Note
-------+----------+-------------------------------------------
     0 | D:1      | qw the Deep Elf Hunter began the quest for the Orb.
     0 | D:1      | Reached XP level 1. HP: 12/12 MP: 3/3
     0 | D:1      | 0 ||| qw: Version: 0.3-a-155-g5e7d8dd
     0 | D:1      | 0 ||| qw: Game counter: 349
     0 | D:1      | 0 ||| qw: Melee chars always use a shield: true
     0 | D:1      | 0 ||| qw: God list: Okawaru
     0 | D:1      | 0 ||| qw: Allow faded altars: false
     0 | D:1      | 0 ||| qw: Do Orc after clearing Dungeon:15 true
     0 | D:1      | 0 ||| qw: Do second Lair branch before Depths: true
     0 | D:1      | 0 ||| qw: Lair rune preference: random
     0 | D:1      | 0 ||| qw: Goals: Normal
     0 | D:1      | 0 ||| PLANNING D:1-11
    52 | D:1      | 52 ||| RETREEEEATING.
    66 | D:1      | Reached skill level 6 in Ranged Weapons
    66 | D:1      | Reached XP level 2. HP: 10/16 MP: 4/4
   311 | D:1      | Found a faded altar of an unknown god.
   399 | D:1      | Reached XP level 3. HP: 20/20 MP: 5/5
   450 | D:1      | You fall into a shaft and drop 1 floor!
   510 | D:2      | 510 ||| UPGRADING to +0 pair of gloves.
   519 | D:2      | 519 ||| UPGRADING to +2 pair of gloves.
   529 | D:2      | 529 ||| DROPPING +0 pair of gloves.
   530 | D:2      | 530 ||| UPGRADING to +0 ring mail.
   540 | D:2      | 540 ||| DROPPING +0 leather armour.
   541 | D:2      | 541 ||| DROPPING +6 ring of intelligence.
   542 | D:2      | 542 ||| READING scroll labelled ROCYVI LOALUESIU.
   543 | D:2      | 543 ||| READING scroll labelled CUSSYXZ LOSOYT.
   544 | D:2      | 544 ||| READING scroll labelled TOLUMP IBAFAF.
   544 | D:2      | 544 ||| ENCHANTING +0 ring mail.
   545 | D:2      | 545 ||| READING 2 scrolls labelled VOSCHE CYENETS.
   545 | D:2      | 545 ||| IDENTIFYING grey potion
   546 | D:2      | 546 ||| READING scroll of identify.
   546 | D:2      | 546 ||| IDENTIFYING lumpy brown potion
   547 | D:2      | 547 ||| DRINKING 2 sapphire potions.
   548 | D:2      | 548 ||| DROPPING scroll of butterflies.
   549 | D:2      | 549 ||| DROPPING potion of brilliance.
   550 | D:2      | 550 ||| DROPPING potion of ambrosia.
   752 | D:1      | 752 ||| READING scroll labelled VOPHAU LYIJUCW.
   853 | D:2      | Reached skill level 7 in Ranged Weapons
   936 | D:2      | Reached XP level 4. HP: 25/25 MP: 6/6
  1092 | D:2      | Noticed Natasha
  1096 | D:2      | Killed Natasha
  1097 | D:2      | Reached skill level 8 in Ranged Weapons
  1253 | D:2      | Noticed Jessica
  1258 | D:2      | Killed Jessica
  1259 | D:2      | Reached XP level 5. HP: 29/29 MP: 7/7
  1308 | D:2      | Noticed Natasha
  1314 | D:2      | Killed Natasha
  1428 | D:2      | 1428 ||| UPGRADING to +0 pair of boots.
  1433 | D:2      | 1433 ||| READING 2 scrolls of identify.
  1433 | D:2      | 1433 ||| IDENTIFYING scroll labelled HUTOXE EMUEMM
  1434 | D:2      | 1434 ||| READING scroll of identify.
  1434 | D:2      | 1434 ||| IDENTIFYING scroll labelled OXIMAH JUEDD
  1435 | D:2      | 1435 ||| DROPPING scroll of poison.
  1562 | D:3      | Found a basalt altar of Yredelemnul.
  1627 | D:3      | Reached skill level 9 in Ranged Weapons
  1920 | D:3      | Noticed Robin
  1938 | D:3      | Killed Robin
  2251 | D:3      | Noticed Terence
  2267 | D:3      | Killed Terence
  2268 | D:3      | Reached skill level 1 in Armour
  2325 | D:3      | Reached XP level 6. HP: 32/35 MP: 8/8
  2328 | D:3      | 2328 ||| FLEEEEING.
  2329 | D:3      | 2329 ||| FLEEEEING.
  2330 | D:3      | 2330 ||| FLEEEEING.
  2331 | D:3      | 2331 ||| FLEEEEING.
  2332 | D:3      | 2332 ||| FLEEEEING.
  2333 | D:3      | 2333 ||| FLEEEEING.
  2334 | D:3      | 2334 ||| FLEEEEING.
  2335 | D:3      | 2335 ||| FLEEEEING.
  2336 | D:3      | 2336 ||| FLEEEEING.
  2337 | D:3      | 2337 ||| FLEEEEING.
  2338 | D:3      | 2338 ||| FLEEEEING.
  2339 | D:3      | 2339 ||| FLEEEEING.
  2340 | D:3      | 2340 ||| FLEEEEING.
  2341 | D:3      | 2341 ||| FLEEEEING.
  2342 | D:3      | 2342 ||| FLEEEEING.
  2343 | D:3      | 2343 ||| FLEEEEING.
  2344 | D:3      | 2344 ||| FLEEEEING.
  2345 | D:3      | 2345 ||| FLEEEEING.
  2346 | D:3      | 2346 ||| FLEEEEING.
  2347 | D:3      | 2347 ||| FLEEEEING.
  2586 | D:3      | 2586 ||| UPGRADING to +1 helmet.
  2591 | D:3      | 2591 ||| READING scroll of identify.
  2591 | D:3      | 2591 ||| IDENTIFYING viscous red potion
  2592 | D:3      | 2592 ||| READING scroll labelled BAWAGHANOI.
  2693 | D:3      | 2693 ||| READING scroll labelled UXZOIN FUMOI.
  2694 | D:3      | 2694 ||| READING scroll labelled KIOKHI LOTAD.
  2694 | D:3      | 2694 ||| ENCHANTING +0 shortbow.
  2695 | D:3      | 2695 ||| DROPPING potion of attraction.
  3067 | D:4      | Reached skill level 10 in Ranged Weapons
  3081 | D:4      | HP: 2/35 [orc priest/divine providence (14)]
  3082 | D:4      | 3082 ||| READING 3 scrolls of teleportation.
  3083 | D:4      | Slain by an orc priest

Levels and vault maps discovered:
D:1:      amcnicky_arrival_flooded_fountain, layout_loops_ring,
          ebering_ecumenical_altar_webs, minmay_misc_feat_tiny
D:2:      layout_basic, uniq_jessica, uniq_natasha
D:3:      cheibrodos_greedy_goblins, layout_basic,
          nicolae_yredelemnul_corpse_copse, kennysheep_path_1, uniq_terence,
          uniq_robin
D:4:      layout_basic, minmay_misc_feat_nine_boxes, minmay_liquid_box

Skill      XL: |  1  2  3  4  5  6 |
---------------+-------------------+-----
Ranged Weapons | 6 7 8 9 10 | 10.0
Fighting       | 2 |  2.0
Armour         | 1 |  1.2
Dodging        | |  2.8
Stealth        | |  1.2

Action                     |  1- 3 |  4- 6 || total
---------------------------+-------+-------++-------
   Fire: Shortbow          |   105 |   228 ||   333
    Use: Scroll            |     6 |     7 ||    13
         Potion            |     1 |       ||     1
 Armour: Leather armour    |     8 |       ||     8
         Ring mail         |     8 |    92 ||   100
  Dodge: Dodged            |    18 |    77 ||    95

Table legend:
 A = Non-vault XP
 B = Vault XP
 C = Vault XP percentage of total XP
 D = Non-vault monster count
 E = Vault monster count
 F = Vault count percentage of total count
                 A         B        C        D         E       F
            +---------+---------+-------+---------+---------+-------
      Total |     437 |     191 |  30.4 |      80 |      27 |  25.2
            +---------+---------+-------+---------+---------+-------
        D:1 |      48 |       0 |   0.0 |      28 |       0 |   0.0
        D:2 |     122 |      72 |  37.1 |      25 |       2 |   7.4
        D:3 |      57 |     119 |  67.6 |      12 |      25 |  67.6
        D:4 |     210 |       0 |   0.0 |      15 |       0 |   0.0
            +---------+---------+-------+---------+---------+-------
